 Dungeon Crawl Stone Soup version 0.31.0-12-g77e489cdc1 (webtiles) character file.

Game seed: 1027015463883769305

117 Doomgape the Trooper (level 5, 0/33 HPs)
             Began as a Gargoyle Fighter on Feb 23, 2024.
             Slain by an orc
             ... wielding a +0 hand axe
              (6 damage)
             ... on level 3 of the Dungeon.
             The game lasted 00:05:13 (2331 turns).

Doomgape the Trooper (Gargoyle Fighter)             Turns: 2331, Time: 00:05:13

Health: 0/33       AC: 12    Str: 21    XL:     5   Next: 1%
Magic:  5/5        EV:  9    Int:  9    God:
Gold:   154        SH:  4    Dex:  9    Spells: 4/4 levels left

rFire   . . .        a - +1 flail
rCold   . . .        c - +0 buckler
rNeg    + . .        b - +1 scale mail
rPois   ∞            (no helmet)
rElec   +            (no cloak)
rCorr   .            (no gloves)
SInv    .            (no boots)
Will    .....        (no amulet) Stlth
                     (no ring)
HPRegen 0.25/turn    (no ring)
MPRegen 0.09/turn

%: no passive effects
@: no status effects
A: sickness immunity, AC +4, negative energy resistance 1, electricity
resistance, torment resistance 1, petrification resistance
a: no special abilities


You were on level 3 of the Dungeon.
You visited 1 branch of the dungeon, and saw 3 of its levels.

You collected 154 gold pieces.

Inventory:

Hand Weapons
 a - a +1 flail (weapon)
Armour
 b - a +1 scale mail (worn)
 c - a +0 buckler (worn)
Jewellery
 h - a +4 ring of protection
Scrolls
 e - a scroll of identify
 g - a scroll of poison
 l - a scroll of fog
Potions
 d - a potion of might
 f - a potion of berserk rage {unknown}
 i - a potion of enlightenment
 j - a potion of curing {unknown}
 k - a potion of lignification {unknown}
 n - a potion of ambrosia {unknown}


   Skills:
 + Level 4.1 Fighting
 + Level 3.0 Maces & Flails
 + Level 4.1 Armour
 + Level 4.1 Shields


You had 4 spell levels left.
You didn't know any spells.
Your spell library was empty.

Dungeon Overview and Level Annotations

Branches:
Dungeon (3/15)

Altars:
Elyvilon


Innate Abilities, Weirdness & Mutations

You are immune to sickness and miasma.
Your stone body is resilient. (AC +4)
You are immune to poison.
You resist negative energy. (rN+)
You are resistant to electric shocks. (rElec)
You are resistant to unholy torment.
You are immune to petrification.


Message History

You kill the orc!
You block the orc's attack.
You miss something. The orc completely misses you.
You hear some strange, mumbled words.
You are confused.
You closely miss something. The orc hits you but does no damage.
Something hits you.
You closely miss something. The orc hits you but does no damage.
Something hits you but does no damage. The orc barely misses you.
Something hits you.
Unknown command.
You are too confused!
The orc barely misses you. Something hits you but does no damage.
The orc closely misses you. Something hits you but does no damage.
You sock something! The orc barely misses you. Something hits you.
Unknown command.
You miss something.
You feel less confused. The orc barely misses you.
Something hits you but does no damage.
You closely miss something. You block the orc's attack.
Something hits you but does no damage.
The orc hits you from afar with a +0 trident.
You hit something.
Reactivating autopickup.
You feel a bit more experienced. The orc hits you but does no damage.
The orc hits you with a +0 flail.
Your Maces & Flails skill increases to level 3!
You have reached level 5!
You hit the orc.
The orc is almost dead.
The orc hits you but does no damage. The orc hits you with a +0 flail.
You thump the orc!
You kill the orc!
The orc hits you but does no damage. The orc closely misses you. x2
You completely miss the orc. The orc hits you but does no damage. x2
You closely miss the orc.
The orc hits you from afar with a +0 trident.
* * * LOW HITPOINT WARNING * * *
The orc hits you with a +0 hand axe.
You die...

## ###. ... ..##
..# #.## #go# #o##
##@# ##..# ##..##
#..## #.###########
###.###.#.........#
........#.........#
#..).##...........#
..## ###.........#


You could see 2 orcs and a goblin.

Vanquished Creatures
  An orc wizard (D:3)
  5 gnolls
  2 adders (D:2)
  2 orcs (D:3)
  3 ball pythons
  2 bats (D:1)
  2 endoplasms
  2 goblins (D:1)
  2 hobgoblins (D:1)
  4 quokkas (D:2)
  A rat (D:3)
  A spectral hobgoblin (D:1)
27 creatures vanquished.

Notes
Turn   | Place    | Note
-------+----------+-------------------------------------------
     0 | D:1      | Doomgape the Gargoyle Fighter began the quest for the Orb.
     0 | D:1      | Reached XP level 1. HP: 14/14 MP: 1/1
    55 | D:1      | Reached XP level 2. HP: 10/19 MP: 2/2
    94 | D:1      | Found a faded altar of an unknown god.
  1095 | D:2      | Reached XP level 3. HP: 6/24 MP: 3/3
  1264 | D:2      | Reached XP level 4. HP: 8/29 MP: 4/4
  2244 | D:3      | Found a white marble altar of Elyvilon.
  2328 | D:3      | Reached XP level 5. HP: 14/33 MP: 5/5
  2331 | D:3      | Slain by an orc

Illustrated notes

Levels and vault maps discovered:
D:1:      dpeg_chamrin_arrival_tetris, layout_loops_ring,
          dreamdust_ecumenical_altar_drowned_temple, glass_columns_b
D:2:      layout_basic
D:3:      layout_rooms, nicolae_elyvilon_peaceful_grove, lemuel_crystal_altar,
          fountainhead

Skill      XL: |  1  2  3  4 |
---------------+-------------+-----
Armour         | 4 |  4.1
Fighting       | 4 |  4.1
Shields        | 4 |  4.1
Maces & Flails | 3 |  3.0

Action                     |  1- 3 |  4- 6 || total
---------------------------+-------+-------++-------
  Melee: Flail             |    82 |    37 ||   119
    Use: Scroll            |     2 |     5 ||     7
 Armour: Scale mail        |    80 |    37 ||   117
  Dodge: Dodged            |    30 |    22 ||    52
  Block: Buckler           |    22 |    14 ||    36
